 Dungeon Crawl Stone Soup version 0.31.0-4-g52a2dc7128 (webtiles) character file.

Game seed: 6472420284856495671

74 Arctor the Shooter (level 4, -2/26 HPs)
             Began as a Kobold Hexslinger on Jan 21, 2024.
             Slain by a gnoll
             ... wielding a +0 spear
              (7 damage)
             ... on level 2 of the Dungeon.
             The game lasted 00:02:37 (1569 turns).

Arctor the Shooter (Kobold Hexslinger)              Turns: 1569, Time: 00:02:38

Health: -2/26      AC:  3    Str:  5    XL:     4   Next: 54%
Magic:  5/6        EV: 16    Int: 14    God:
Gold:   167        SH:  0    Dex: 19    Spells: 4/6 levels left

rFire   . . .        j - +0 dagger (venom)
rCold   . . .        (no shield)
rNeg    . . .        c - +0 robe
rPois   .            (no helmet)
rElec   .            (no cloak)
rCorr   .            i - +0 pair of gloves
SInv    .            (no boots)
Will    .....        (no amulet)
Stlth   +++          f - ring of willpower
HPRegen 0.24/turn    (no ring)
MPRegen 0.10/turn

%: no passive effects
@: weak-willed, jinxed
A: small, no large weapons, nightstalker 3
a: no special abilities


You were on level 2 of the Dungeon.
You visited 1 branch of the dungeon, and saw 2 of its levels.

You collected 167 gold pieces.

Inventory:

Hand Weapons
 a - a +1 sling
 j - a +0 dagger of venom (weapon)
Armour
 c - a +0 robe (worn)
 i - a +0 pair of gloves (worn)
Jewellery
 f - a ring of willpower (left hand)
Scrolls
 b - a scroll of poison
 d - a scroll of acquirement {unknown}
 g - a scroll of identify {unknown}
Potions
 e - a potion of curing {unknown}
 h - a potion of mutation {unknown}


   Skills:
 + Level 1.9 Fighting
 + Level 3.6 Ranged Weapons
 + Level 3.1 Dodging
 + Level 0.7 Stealth
 + Level 1.7 Spellcasting
 + Level 3.3 Hexes
 - Level 1.5 Fire Magic


You had 4 spell levels left.
You knew the following spells:

 Your Spells              Type           Power      Damage    Failure   Level
a - Jinxbite              Hex            20%        N/A       10%         2

Your spell library contained the following spells:

 Spells                   Type           Power      Damage    Failure   Level
 Sigil of Binding         Hex            10%        N/A       19%         3
 Inner Flame              Hex/Fire       8%         N/A       26%         3
 Cause Fear               Hex            5%         N/A       52%         4
 Dimensional Bullseye     Hex/Tloc       2%         N/A       77%         4


Dungeon Overview and Level Annotations

Branches:
Dungeon (2/15)

Altars:
Fedhas


Innate Abilities, Weirdness & Mutations

You are small and have problems with some larger weapons.
You are completely attuned to the shadows.


Message History

You hear a shout!
The gnoll closely misses you.
You shoot a sling bullet.
The sling bullet hits the gnoll but does no damage.
The gnoll is almost dead.
The gnoll hits you from afar with a +0 halberd! x2
* * * LOW HITPOINT WARNING * * *
The gnoll attacks as it pursues you! The gnoll barely misses you.
The gnoll attacks as it pursues you! The gnoll barely misses you.
The gnoll misses you.
Things that are here:
a +0 dagger of venom; a kobold skeleton
j - a +0 dagger of venom Your +0 dagger of venom begins to drip with poison!
j - a +0 dagger of venom (weapon)
Okay, then.
Okay, then.
You start putting on your armour.
You continue putting on your +0 pair of gloves. x4
You finish putting on your +0 pair of gloves.
Nothing quivered!
f - a ring of willpower (left hand)
A gnoll is nearby!
A gnoll is nearby!
The gnoll hits you with a +0 spear.
Casting: Jinxbite (safe; 10% risk of failure)
Confirm with . or Enter, or press ? or * to list all spells.
You beckon some vexing sprites to accompany your attacks.
You feel your willpower being sapped. The gnoll hits you with a +0 spear.
* * * LOW HITPOINT WARNING * * *
The gnoll barely misses you.
You see here a kobold skeleton.
The gnoll attacks as it pursues you!
The gnoll hits you from afar with a +0 spear.
* * * LOW HITPOINT WARNING * * *
The gnoll attacks as it pursues you! The gnoll closely misses you.
The gnoll attacks as it pursues you!
The gnoll hits you from afar with a +0 spear!
You die...

.#.# ##### #)# ##.# #.#
...# #.# #### #.# #.#
####### #.# #.....#
###.# #.....# #...#
#.....# #@###
#.....####.#
#.........g#
#..........# #####
#..........# #...######
#######...####.#......##
#..#...#..######..##
###..#......###...#..#
#...รท#.............#.#


You could see a gnoll.

Vanquished Creatures
  A gnoll (D:2)
  2 adders (D:2)
  4 orcs (D:2)
  2 endoplasms (D:1)
  2 giant cockroaches
  4 goblins
  4 hobgoblins
  4 jackals (D:1)
  5 ball pythons
  A bat (D:1)
  7 kobolds
  4 rats
40 creatures vanquished.

Notes
Turn   | Place    | Note
-------+----------+-------------------------------------------
     0 | D:1      | Arctor the Kobold Hexslinger began the quest for the Orb.
     0 | D:1      | Reached XP level 1. HP: 12/12 MP: 2/2
   230 | D:1      | Reached XP level 2. HP: 16/16 MP: 3/3
   468 | D:1      | Reached XP level 3. HP: 20/20 MP: 5/5
   628 | D:1      | Learned a level 2 spell: Jinxbite
  1076 | D:2      | Reached XP level 4. HP: 25/26 MP: 6/6
  1083 | D:2      | Found a blossoming altar of Fedhas.
  1569 | D:2      | Slain by a gnoll

Illustrated notes

Levels and vault maps discovered:
D:1:      co_arrival_random_square_maze, layout_basic,
          nicolae_figureground_sparkle
D:2:      layout_basic, basic_altar, nicolae_titane

Skill      XL: |  1  2  3 |
---------------+----------+-----
Ranged Weapons | 3 |  3.6
Dodging        | 3 |  3.1
Fighting       | |  1.9
Stealth        | |  0.7
Spellcasting   | |  1.7
Hexes          | |  3.3
Fire Magic     | |  1.5

Action                     |  1- 3 |  4- 6 || total
---------------------------+-------+-------++-------
   Fire: Sling             |    90 |    35 ||   125
   Cast: Jinxbite          |     3 |     4 ||     7
 Armour: Robe              |    23 |    17 ||    40
  Dodge: Dodged            |    34 |    35 ||    69
